 Dungeon Crawl Stone Soup version 0.28.0-1-gb440e238dd (webtiles) character file.

Game seed: 12099955020097121717

6920 Vallaxes the Thaumaturge (level 10, -2/70 HPs)
             Began as a Demonspawn Hedge Wizard on Feb 26, 2022.
             Was a Follower of Vehumet.
             Slain by a wyvern (4 damage)
             ... on level 9 of the Dungeon.
             The game lasted 00:55:38 (12443 turns).

Vallaxes the Thaumaturge (Demonspawn Hedge Wizard) Turns: 12443, Time: 00:55:39

Health: -2/70      AC: 10    Str: 10    XL:     10   Next: 80%
Magic:  0/22       EV: 12    Int: 26    God:    Vehumet [*.....]
Gold:   565        SH:  0    Dex: 13    Spells: 10/26 levels left

rFire   . . .      SeeInvis .   e - +7 falchion
rCold   + . .      Faith    .   (no shield)
rNeg    . . .      Spirit   +   d - +0 ring mail "Bismal" {rC+ Int+6 Slay+2}
rPois   .          Reflect  .   c - +1 hat
rElec   .          Harm     .   w - +1 cloak
rCorr   .          Rampage  .   (no gloves)
Will    ++...                   o - +0 pair of boots
Stlth   ++........              h - amulet of magic regeneration
HPRegen 0.21/turn               j - ring of willpower
MPRegen 0.76/turn               i - ring of willpower

@: on blink cooldown
A: claws 1, magic shield, magic regeneration, sturdy frame 1, demonic magic 2
a: Renounce Religion


You were on level 9 of the Dungeon.
You worshipped Vehumet.
Vehumet was aware of your devotion.
You visited 3 branches of the dungeon, and saw 12 of its levels.

You collected 565 gold pieces.

Inventory:

Hand Weapons
 a - a +1 dagger of venom
 e - a +7 falchion (weapon)
Armour
 c - a +1 hat (worn)
 d - the +0 ring mail "Bismal" (worn) {rC+ Int+6 Slay+2}
   (You found it on level 3 of the Dungeon)

   Int:       It affects your intelligence (+6).
   Slay:      It affects your accuracy & damage with ranged weapons and melee
   (+2).
   rC:        It protects you from cold.
 o - a +0 pair of boots (worn)
 w - a +1 cloak (worn)
 z - +0 steam dragon scales
Magical Staves
 f - a staff of air
Jewellery
 h - an amulet of magic regeneration (around neck)
 i - a ring of willpower (right claw)
 j - a ring of willpower (left claw)
 y - an amulet of the acrobat
 C - a ring of willpower
Wands
 m - a wand of acid (6)
 p - a wand of flame (5)
 s - a wand of iceblast (6)
 t - a wand of polymorph (15)
Scrolls
 g - 9 scrolls of identify
 u - a scroll of fear
 v - 4 scrolls of teleportation
 A - 3 scrolls of summoning
 B - 2 scrolls of amnesia
Potions
 b - a potion of flight {unknown}
 k - 2 potions of curing {unknown}
 l - a potion of might {unknown}
 n - a potion of attraction {unknown}
 q - a potion of resistance
 r - a potion of ambrosia {unknown}
 x - a potion of magic {unknown}


   Skills:
 + Level 3.6 Fighting
 + Level 5.0 Long Blades
 + Level 0.3 Maces & Flails
 + Level 4.8 Armour
 + Level 4.0 Dodging
 + Level 4.0 Stealth
 + Level 8.8 Spellcasting
 + Level 6.4 Conjurations
 + Level 2.8 Summonings
 + Level 1.4 Translocations
 + Level 5.4 Air Magic


You had 10 spell levels left.
You knew the following spells:

 Your Spells              Type           Power      Damage    Failure   Level
a - Magic Dart            Conj           100%       1d8       1%          1
b - Call Imp              Summ           26%        N/A       3%          2
c - Blink                 Tloc           36%        N/A       7%          2
d - Static Discharge      Conj/Air       42%        N/A       1%          2
e - Lightning Bolt        Conj/Air       21%        1d36      19%         5
f - Summon Lightning Spi  Summ/Air       32%        N/A       14%         4

Your spell library contained the following spells:

 Spells                   Type           Power      Damage    Failure   Level
 Sandblast                Erth           22%        2d7       8%          1
 Mephitic Cloud           Conj/Pois/Air  32%        N/A       4%          3
 Conjure Flame            Conj/Fire      28%        6-21      6%          3
 Freeze                   Ice            44%        1d6       8%          1
 Slow                     Hex            44%        N/A       8%          1
 Sublimation of Blood     Necr           11%        N/A       12%         2
 Iskenderun's Battlesphe  Conj           45%        2d10      16%         5
 Hailstorm                Conj/Ice       28%        3d8       21%         4
 Sticky Flame             Conj/Fire      28%        2d5       21%         4
 Frozen Ramparts          Ice            22%        1d4       24%         3
 Irradiate                Conj/Tmut      14%        3d18      50%         5
 Dispel Undead            Necr           11%        3d9       61%         4
 Petrify                  Tmut/Erth      11%        N/A       61%         4
 Summon Forest            Summ/Tloc      11%        N/A       65%         5
 Summon Mana Viper        Hex/Summ       18%        N/A       77%         5
 Iron Shot                Conj/Erth      14%        9d4       97%         6
 Summon Cactus Giant      Summ           13%        N/A       98%         6
 Spellforged Servitor     Conj/Summ      17%        N/A       100%        7
 Storm Form               Tmut/Air       12%        N/A       100%        7
 Maxwell's Capacitive Co  Air            19%        ∞         100%        8


Dungeon Overview and Level Annotations

Branches:
Dungeon (10/15)            Temple (1/1) D:6            Lair (1/6) D:10
    Orc: D:9-12

Altars:
Cheibriados
Elyvilon
Fedhas
Gozag
Hepliaklqana
Kikubaaqudgha
Makhleb
Nemelex Xobeh
Okawaru
Qazlal
Ru
Sif Muna
Trog
Uskayaw
Vehumet
Wu Jian
Xom
Yredelemnul
The Shining One


Innate Abilities, Weirdness & Mutations

You have sharp fingernails.
When hurt, damage is shared between your health and your magic reserves.
You regenerate magic rapidly.
Your movements are slightly less encumbered by armour. (ER -2)
Spells you cast may paralyse nearby enemies.


Message History

The yak dies!
Vehumet accepts your kill.
Your Long Blades skill increases to level 5!
Your Stealth skill increases to level 4!
There is an escape hatch in the ceiling here.
The wyvern misses you.
The orc wizard gestures at you while chanting.
You resist with almost no effort. The wyvern closely misses you.
Your lightning spire disappears in a puff of smoke!
The yak gores you! The wyvern bites you.
* * * LOW HITPOINT WARNING * * *
The wyvern barely misses you.
The wyvern bites you but does no damage.
The yak misses you. The wyvern closely misses you.
The wyvern bites you but does no damage.
The hell rat twitches its whiskers.
The wyvern bites you!
* * * LOW HITPOINT WARNING * * *
There is an escape hatch in the ceiling here.
The wyvern bites you but does no damage.
The yak closely misses you. A mysterious force pulls you upwards.
The hatch slams shut behind you. The wyvern bites you!
* * * LOW HITPOINT WARNING * * *
The wyvern bites you.
* * * LOW HITPOINT WARNING * * *
The wyvern bites you but does no damage.
The wyvern bites you!
* * * LOW HITPOINT WARNING * * *
The wyvern bites you but does no damage.
The wyvern bites you!
* * * LOW HITPOINT WARNING * * *
The wyvern misses you.
Casting: Lightning Bolt (quite dangerous; 19% risk of failure)
Confirm with . or Enter, or press ? or * to list all spells.
You blink.
Malevolent energies surge around you.
The wyvern hisses menacingly.
The wyvern bites you.
You die...

####....####....#
#########....# #.......#
#.......# #.......# ##.......#
########### #######........#
#.........#
##...##.........####.........#
..........#####.@lY..........#
.##.###..### #..#.###########
###........# ##.§.#
#..##.##.### ##.##
####.##.##...###..###
..#.....####...#....#
..#.....######.#.##.#
....###.##.....#.##.##
.....##.#..####..##..###


You could see a yak and a wyvern.

Vanquished Creatures
  Pikel (D:7)
  Maurice (D:8)
  A hornet (D:10)
  A vampire (D:9)
  13 yaks
  3 vampire mosquitoes (D:8)
  Menkaure (D:7)
  2 steam dragons (D:9)
  Duvessa (D:7)
  A black bear (D:6)
  2 ogres
  5 orc warriors
  A hornet zombie (D:8)
  3 centaurs
  A phantom (D:5)
  3 lemures
  A kobold brigand (D:9)
  A scorpion (D:5)
  3 bullfrogs
  A wyvern zombie (D:8)
  Dowan (D:7)
  2 howler monkeys
  A nameless horror (D:10)
  A centaur zombie (D:9)
  A bullfrog zombie (D:6)
  2 orc priests
  A gnoll shaman (D:7)
  2 jellies (D:7)
  2 centaur skeletons
  3 iguanas
  Natasha (D:3)
  4 orc wizards
  A howler monkey zombie (D:6)
  6 gnolls
  6 adders
  2 river rats (D:10)
  A shadow imp (D:6)
  A white imp (D:6)
  2 ufetubi
  A worm (D:3)
  The ghost of Snicker the Sneak, a weakling DsDe (D:7)
  2 dart slugs
  30 orcs
  6 ball pythons
  7 endoplasms
  4 goblins
  10 hobgoblins
  5 jackals
  A quokka (D:10)
  5 bats
  A frilled lizard (D:1)
  9 kobolds
  9 rats
  A spectral goblin (D:3)
178 creatures vanquished.

Vanquished Creatures (collateral kills)
  2 yaks
  2 steam dragons
  A sky beast (D:6)
  2 howler monkeys (D:10)
  An orc priest (D:9)
  An orc (D:4)
  3 hobgoblins (D:2)
  A jackal (D:2)
  A kobold (D:1)
  A rat (D:1)
15 creatures vanquished.

Vanquished Creatures (others)
  An orc wizard (D:7)
  An orc (D:7)
  3 fungi (D:1)
5 creatures vanquished.

Grand Total: 198 creatures vanquished

Notes
Turn   | Place    | Note
-------+----------+-------------------------------------------
     0 | D:1      | Vallaxes the Demonspawn Hedge Wizard began the quest for
                  | the Orb.
     0 | D:1      | Reached XP level 1. HP: 13/13 MP: 4/4
   362 | D:1      | Found a faded altar of an unknown god.
   396 | D:1      | Gained mutation: You regenerate magic rapidly. [demonic
                  | ancestry]
   396 | D:1      | Reached XP level 2. HP: 19/19 MP: 0/6
   794 | D:1      | Learned a level 2 spell: Call Imp
   797 | D:1      | Learned a level 2 spell: Blink
  1151 | D:2      | Gained mutation: Spells you cast may paralyse adjacent
                  | enemies. [demonic ancestry]
  1151 | D:2      | Reached XP level 3. HP: 21/24 MP: 0/8
  1648 | D:2      | Learned a level 2 spell: Static Discharge
  2054 | D:2      | Reached skill level 4 in Spellcasting
  2054 | D:2      | Gained mutation: When hurt, damage is shared between your
                  | health and your magic reserves. [demonic ancestry]
  2054 | D:2      | Reached XP level 4. HP: 25/30 MP: 5/10
  2445 | D:3      | Identified the +0 ring mail "Bismal" {rC+ Int+6 Slay+2}
  2572 | D:3      | Found an opulent altar of Gozag.
  2752 | D:3      | HP: 1/30 [poisoned by a goblin]
  2871 | D:3      | Noticed Natasha
  2878 | D:3      | Killed Natasha
  3307 | D:3      | Gained mutation: Spells you cast may paralyse nearby
                  | enemies. [demonic ancestry]
  3307 | D:3      | Reached XP level 5. HP: 35/35 MP: 11/11
  3439 | D:3      | Found a hazy altar of Hepliaklqana.
  3870 | D:4      | Found a sacrificial altar of Ru.
  3893 | D:4      | Reached skill level 1 in Armour
  4065 | D:5      | Entered Level 5 of the Dungeon
  4090 | D:5      | Reached XP level 6. HP: 37/42 MP: 6/13
  4158 | D:5      | Reached skill level 1 in Fighting
  4158 | D:5      | Reached skill level 1 in Long Blades
  4375 | D:5      | Reached skill level 5 in Spellcasting
  4375 | D:5      | Reached skill level 1 in Air Magic
  4640 | D:5      | Gained mutation: Your movements are slightly less
                  | encumbered by armour. (ER -2) [demonic ancestry]
  4640 | D:5      | Reached XP level 7. HP: 31/48 MP: 9/14
  4953 | D:5      | Found a hide-covered altar of Uskayaw.
  5276 | D:6      | Reached skill level 1 in Translocations
  6154 | D:6      | Found a staircase to the Ecumenical Temple.
  6166 | D:6      | Reached XP level 8. HP: 34/56 MP: 9/16
  6288 | Temple   | Entered the Ecumenical Temple
  6384 | Temple   | Became a worshipper of Vehumet
  6567 | D:7      | Noticed Pikel
  7038 | D:7      | Killed Pikel
  7039 | D:7      | Reached skill level 6 in Spellcasting
  7089 | D:7      | Found a transporter.
  7090 | D:7      | Noticed Snicker's ghost (weakling DsDe)
  7092 | D:7      | Found a transporter.
  7159 | D:7      | Killed Snicker's ghost
  7764 | D:7      | Noticed Dowan
  7764 | D:7      | Noticed Duvessa
  7770 | D:7      | Killed Duvessa
  7774 | D:7      | Killed Dowan
  8078 | D:7      | Gained mutation: You have sharp fingernails. [demonic
                  | ancestry]
  8078 | D:7      | Reached XP level 9. HP: 43/62 MP: 12/19
  8537 | D:7      | Noticed Menkaure
  8543 | D:7      | Killed Menkaure
  8857 | D:8      | Reached skill level 7 in Spellcasting
  9228 | D:8      | Noticed Maurice
  9269 | D:8      | Killed Maurice
  9270 | D:8      | Reached skill level 5 in Conjurations
  9423 | D:8      | Reached * piety under Vehumet
  9423 | D:8      | Offered knowledge of Sandblast by Vehumet.
  9645 | D:8      | Identified the +6 scale mail of Rotation {MP+9}
 10157 | D:9      | Reached XP level 10. HP: 56/70 MP: 12/21
 10367 | D:9      | Learned a level 5 spell: Lightning Bolt
 10389 | D:9      | Reached skill level 8 in Spellcasting
 10927 | D:9      | Reached skill level 5 in Air Magic
 11289 | D:9      | Learned a level 4 spell: Summon Lightning Spire
 11596 | D:10     | Entered Level 10 of the Dungeon
 11851 | D:10     | Noticed a death yak
 11852 | D:10     | Noticed a death yak
 11853 | D:10     | Noticed a death yak
 11865 | D:10     | Found a staircase to the Lair.
 12332 | Lair:1   | Entered Level 1 of the Lair of Beasts
 12336 | Lair:1   | Noticed a cane toad
 12424 | D:10     | Reached skill level 5 in Long Blades
 12435 | D:9      | HP: 3/70 [wyvern (5)]
 12439 | D:9      | HP: 1/70 [wyvern (3)]
 12443 | D:9      | Slain by a wyvern

Illustrated notes

Levels and vault maps discovered:
D:1:      amcnicky_arrival_gap_in_the_tavern_cellar, layout_rooms,
          dreamdust_ecumenical_altar_grove
D:2:      layout_loops_ring
D:3:      layout_basic, mainiacjoe_overflow_concentric_impassable,
          nicolae_hepliaklqana_monster_ancestors, kennysheep_generic_room_3,
          uniq_natasha
D:4:      layout_rooms, kennysheep_little_box,
          nicolae_ru_great_annihilating_truth
D:5:      layout_rooms, nicolae_uskayaw_suspiria
D:6:      layout_loops_ring, minmay_temple_entry_arrows,
          hangedman_decor_opposing, chequers_serial_rivers_micro_e
D:7:      layout_basic, gammafunk_ghost_arena, uniq_menkaure, uniq_duvessa,
          uniq_pikel
D:8:      layout_cave_pods, nicolae_tso_carved_into_rock, uniq_maurice
D:9:      layout_rooms, minmay_holes, library_closet, nrook_loot_triangle,
          blue_anna_alchemist
D:10:     layout_cave_pods, mainiacjoe_overflow_swirl, dpeg_lair_monsters
Temple:   eino_temple_water
Lair:1:   layout_regular_city, basic_altar, eino_small_chamber_without_monster,
          serial_bayou_pond_a

Skill      XL: |  1  2  3  4  5  6  7  8  9 10 |
---------------+-------------------------------+-----
Stealth        | 2 3 4 |  4.0
Dodging        | 2 3 4 |  4.0
Spellcasting   | 4 5 6 7 8 |  8.8
Conjurations   | 2 3 4 5 6 |  6.4
Armour         | 1 2 3 4 |  4.8
Fighting       | 1 2 3 |  3.6
Long Blades    | 1 2 3 4 5 |  5.0
Air Magic      | 1 3 4 5 |  5.4
Translocations | 1 |  1.4
Summonings     | 2 |  2.8
Maces & Flails | |  0.3

Action                   |  1- 3 |  4- 6 |  7- 9 | 10-12 || total
-------------------------+-------+-------+-------+-------++-------
Melee: Mace              |    24 |       |       |       ||    24
       Staff             |     5 |     8 |       |       ||    13
       Falchion          |       |    43 |    80 |    31 ||   154
       Punch             |       |     1 |     1 |     1 ||     3
 Cast: Magic Dart        |    72 |    57 |    25 |       ||   154
       Call Imp          |     5 |     3 |     7 |       ||    15
       Blink             |     1 |     1 |     2 |     2 ||     6
       Static Discharge  |     7 |    33 |   113 |    11 ||   164
       Lightning Bolt    |       |       |       |    33 ||    33
       Summon Lightning  |       |       |       |     6 ||     6
  Use: Scroll            |     4 |     4 |     4 |     1 ||    13
       Potion            |       |     3 |       |       ||     3
 Stab: Distracted        |     1 |       |       |       ||     1
       Paralysed         |       |     1 |     5 |     2 ||     8
       Sleeping          |       |       |     1 |       ||     1
Armor: Robe              |     7 |       |       |       ||     7
       Ring mail         |       |    41 |    50 |    23 ||   114
Dodge: Dodged            |    29 |    52 |   104 |    39 ||   224
